 Dungeon Crawl Stone Soup version 0.24.0-13-gcf9b3192b9 (webtiles) character file.

Game seed: 5990853669270873305, levelgen mode: deterministic

207903 Midas the Lord of Darkness (level 18, -4/163 HPs)
             Began as a Hill Orc Conjurer on Nov 9, 2019.
             Was the Champion of Kikubaaqudgha.
             Slain by a wolf spider (13 damage)
             ... on level 3 of the Spider Nest on Nov 10, 2019.
             The game lasted 03:15:41 (68280 turns).

Midas the Lord of Darkness (Hill Orc Conjurer)     Turns: 68280, Time: 03:15:42

Health: -4/163     AC: 17    Str: 13    XL:     18   Next: 77%
Magic:  0/41       EV:  9    Int: 21    God:    Kikubaaqudgha [******]
Gold:   2734       SH: 14    Dex: 11    Spells: 3/37 levels left

rFire    + + .     SeeInvis .   a - +9 demon trident (pain)
rCold    + . .     Gourm    .   Z - +1 shield {rC+}
rNeg     . . .     Faith    .   p - +2 scale mail {rF+}
rPois    +         Spirit   +   D - +2 helmet
rElec    .         Reflect  .   v - +0 cloak {rPois}
rCorr    .         Harm     .   (no gloves)
MR       +....                  J - +2 pair of boots {Fly}
Stlth    ..........             H - amulet "Pinain" {Spirit rF+}
HPRegen  0.37/turn              F - ring of magical power
MPRegen  0.27/turn              (no ring)

@: flying, very slightly contaminated
A: no striking features
}: 1/15 runes: decaying
a: Receive Corpses, Torment, Renounce Religion, Stop Flying


You were on level 3 of the Spider Nest.
You worshipped Kikubaaqudgha.
Kikubaaqudgha was exalted by your worship.
You were very hungry.

You visited 6 branches of the dungeon, and saw 32 of its levels.
You also visited: Gauntlet and Ice Cave.

You collected 3079 gold pieces.
You spent 345 gold pieces at shops.

Inventory:

Hand Weapons
 a - a +9 demon trident of pain (weapon)
Missiles
 N - 8 curare-tipped darts (quivered)
Armour
 b - the +2 cloak "Nippoame" {+Blink MR+}
   (You acquired it on level 3 of the Spider Nest)

   It affects your resistance to hostile enchantments.
   It lets you blink.
 p - a +2 scale mail of fire resistance (worn)
 v - a +0 cloak of poison resistance (worn)
 D - a +2 helmet (worn)
 I - the +0 hat "Epuemopn" {rF+ Int+5 Stlth+}
   (You found it in an ice cave)

   It affects your intelligence (+5).
   It protects you from fire.
   It makes you more stealthy.
 J - a +2 pair of boots of flying (worn)
 P - a scarf of cloud immunity
 Z - a +1 shield of cold resistance (worn)
Jewellery
 m - an uncursed ring of see invisible
 C - a +4 ring of evasion
 E - an uncursed ring of wizardry
 F - a ring of magical power (left hand)
 H - the amulet "Pinain" (around neck) {Spirit rF+}
   (You found it on level 2 of the Lair of Beasts)

   [amulet of guardian spirit]

   It causes incoming damage to be split between your health and magic.
   It protects you from fire.
 K - the ring "Menefyr" {rN+ Str+2}
   (You found it in a Gauntlet)

   [ring of positive energy]

   It affects your strength (+2).
   It protects you from negative energy.
 L - an uncursed ring of resist corrosion
 Q - the ring of Talafuh {rF- rC++ MR++ Dex+3}
   (You found it in a Gauntlet)

   [ring of dexterity]

   It affects your dexterity (+3).
   It makes you vulnerable to fire.
   It greatly protects you from cold.
   It affects your resistance to hostile enchantments.
Wands
 e - a wand of iceblast (17)
 R - a wand of acid (14)
 U - a wand of flame (47)
 V - a wand of paralysis (24)
 Y - a wand of polymorph (6)
Scrolls
 d - a scroll of summoning
 f - 14 scrolls of remove curse
 g - 3 scrolls of enchant armour
 j - 9 scrolls of teleportation
 o - 3 scrolls of amnesia
 q - 5 scrolls of enchant weapon
 u - 9 scrolls of identify
 w - 3 scrolls of fog
 y - 3 scrolls of immolation
 G - 2 scrolls of noise
 S - 2 scrolls of magic mapping
 T - a scroll of blinking
 W - 2 scrolls of fear
 X - a scroll of holy word
Potions
 h - 3 potions of brilliance
 i - 8 potions of mutation
 r - 2 potions of resistance
 t - 6 potions of agility
 x - 4 potions of magic
 z - 5 potions of ambrosia
 A - 3 potions of might
 B - 7 potions of haste
 M - 7 potions of lignification
 O - 3 potions of curing
Miscellaneous
 k - 3 phantom mirrors
 n - a lightning rod (4/4)
 s - a lamp of fire
Comestibles
 c - 8 rations
 l - 2 chunks of flesh


   Skills:
 - Level 15.0 Fighting
 - Level 14.0 Polearms
 - Level 5.0 Armour
 - Level 1.5 Dodging
 - Level 1.5 Stealth
 - Level 15.0 Shields
 - Level 1.0 Unarmed Combat
 - Level 10.0 Spellcasting
 - Level 8.0 Conjurations
 + Level 15.6 Necromancy
 + Level 4.6 Ice Magic
 - Level 10.0 Earth Magic


You had 3 spell levels left.
You knew the following spells:

 Your Spells              Type           Power        Failure   Level  Hunger
a - Magic Dart            Conj           ####         1%          1    None
b - Searing Ray           Conj           #####.       1%          2    None
c - Bolt of Draining      Conj/Necr      ######....   6%          5    ####...
d - Borgnjor's Vile Clut  Necr/Erth      ######....   3%          5    ####...
e - Animate Skeleton      Necr           N/A          1%          1    None
f - Regeneration          Chrm/Necr      #####.....   3%          3    None
g - Dispel Undead         Necr           ######..     1%          5    ####...
h - Simulacrum            Ice/Necr       ######....   54%         6    ######.
i - Freezing Cloud        Conj/Ice/Air   ####......   100%        6    ######.

Your spell library contained the following spells:

 Spells                   Type           Power        Failure   Level  Hunger
 Pain                     Necr           ####         1%          1    None
 Corpse Rot               Necr           N/A          1%          2    None
 Sublimation of Blood     Necr           ######....   1%          2    None
 Shock                    Conj/Air       ####         5%          1    None
 Sting                    Conj/Pois      ####         5%          1    None
 Dazzling Spray           Conj/Hex       ####..       16%         3    None
 Static Discharge         Conj/Air       ####....     16%         3    None
 Apportation              Tloc           ##....       26%         1    None
 Beastly Appendage        Tmut           ##....       26%         1    None
 Confusing Touch          Hex            ##....       26%         1    None
 Summon Small Mammal      Summ           ##..         26%         1    None
 Mephitic Cloud           Conj/Pois/Air  ###.....     26%         3    None
 Poisonous Vapours        Pois/Air       ##....       38%         2    None
 Sticks to Snakes         Tmut           ##......     38%         2    None
 Swiftness                Chrm/Air       ##......     38%         2    None
 Confuse                  Hex            ##......     63%         3    None
 Gell's Gravitas          Tloc           ##........   63%         3    None
 Ignite Poison            Fire/Tmut/Pois ##......     63%         3    None
 Spider Form              Tmut/Pois      ##........   63%         3    None
 Animate Dead             Necr           N/A          1%          4    ##.....
 Agony                    Necr           ######..     1%          5    ####...
 Iskenderun's Mystic Bla  Conj           #####...     10%         4    ##.....
 Petrify                  Tmut/Erth      ####....     34%         4    ##.....
 Force Lance              Conj/Tloc      ####....     45%         4    ##.....
 Fulminant Prism          Conj/Hex       ####......   45%         4    ##.....
 Ice Form                 Ice/Tmut       ###.....     71%         4    ##.....
 Irradiate                Conj/Tmut      ####......   82%         5    ####...
 Lightning Bolt           Conj/Air       ####......   82%         5    ####...
 Venom Bolt               Conj/Pois      ####......   82%         5    ####...
 Airstrike                Air            ##........   95%         4    ##.....
 Olgreb's Toxic Radiance  Pois           ##......     95%         4    ##.....
 Metabolic Englaciation   Hex/Ice        ###.......   96%         5    ####...
 Bolt of Cold             Conj/Ice       #####.....   97%         6    ######.
 Ozocubu's Refrigeration  Ice            ####......   99%         6    ######.
 Alistair's Intoxication  Tmut/Pois      ##......     100%        5    ####...
 Blade Hands              Tmut           ##........   100%        5    ####...
 Yara's Violent Unravell  Hex/Tmut       ##........   100%        5    ####...


Dungeon Overview and Level Annotations

Branches:
Dungeon (15/15) Temple (1/1) D:4 Lair (6/6) D:8 Swamp (4/4) Lair:3 Spider (4/4) Lair:3 Slime (0/5) Lair:6 Orc (2/2) D:9 Elf (0/3) Orc:2 Vaults (0/5) D:12 D:13 Depths (0/5) D:15 IceCv (visited) Gauntlet (visited)

Altars:
Cheibriados
Dithmenos
Elyvilon
Fedhas
Hepliaklqana
Kikubaaqudgha
Makhleb
Nemelex Xobeh
Okawaru
Qazlal
Ru
Trog
Uskayaw
Vehumet
Xom
Yredelemnul
Zin
The Shining One
Beogh

Shops:
D:8 (   D:11 ?[   D:13 ?   Orc:1 [%(   Orc:2 ?[!}?

Annotations:
D:4 2 transporters, ponobo's ghost, novice DrCj
D:7 2 transporters, FishyPogo's ghost, novice GnSk
D:8 1 runed translucent door, Delamore's ghost, novice HOFi
Lair:5 exclusion: 4 oklob plants
Spider:3 3 runed translucent doors, Kiesuar's ghost, adept MiBe


Message History

The wolf spider hits you but does no damage.
You block the wolf spider's attack. The wolf spider hits you.
* * * LOW HITPOINT WARNING * * *
The wolf spider bites you but does no damage.
The wolf spider hits you but does no damage.
The wolf spider bites you but does no damage.
You block the wolf spider's attack.
The wolf spider bites you but does no damage.
You block the wolf spider's attack. The wolf spider bites you!
* * * LOW HITPOINT WARNING * * *
Unknown command.
You feel sick. You block the wolf spider's attack. The wolf spider bites you!
* * * LOW HITPOINT WARNING * * *
Unknown command.
You feel better. The wolf spider hits you.
* * * LOW HITPOINT WARNING * * *
The wolf spider bites you but does no damage.
You block the wolf spider's attack. x2; The wolf spider hits you!
You die...
Kikubaaqudgha rasps: "You have failed me!
Welcome... death!"

######..## ######....##
#.##.....# ##...#....##^
#^......## ### ##....##^.##..
##.....### ##.# #.^....####...
##....^.## #..#####..^.###.....
###.....# ##.^#..#......##..#.
###.....(# ##...<..>.........^##
##.#.....####....s.............#
#..........#....@s..###.^......##
#.....##...#..##...## ###........
#....####.....###..# #..#..#..
#..†## ####...# #.## #######..
##>..###..###.####### ###.....#^#
######.#....###.....###.#.....###
#..............^...###..#.....##.
#........^............=.#.....#.^
#^..†..#.#...##......^.....#..###


You could see 2 wolf spiders.

Vanquished Creatures
  The ghost of Duoroon the Geomancer, an adept OgEE of Vehumet (Spider:2)
  Rupert (D:13)
  Frances (Swamp:2)
  4 thorn hunters
  2 frost giants
  Aizul (Swamp:1)
  3 emperor scorpions
  The ghost of RandomHacker the Thaumaturge, a journeyman GnSk of Ashenzari (D:12)
  2 very ugly things
  4 entropy weavers
  Nessos (D:12)
  2 spark wasps
  A minotaur (Gauntlet)
  5 dire elephants
  A fire dragon (Swamp:4)
  Josephine (Lair:4)
  A rakshasa (D:8)
  30 hydras
  Erolcha (Orc:2)
  A ghost crab (Swamp:4)
  4 centaur warriors
  A catoblepas (Lair:3)
  4 shambling mangroves
  An anaconda (Lair:6)
  10 two-headed ogres
  9 alligators
  An ogre mage (D:15)
  4 tengu warriors
  Urug (D:11)
  Sonja (D:12)
  4 spriggan druids
  13 swamp dragons
  2 unseen horrors
  A wizard (D:15)
  4 orc knights
  A phantasmal warrior (D:12)
  11 orb spiders
  13 orc sorcerers
  15 wolf spiders
  4 manticores
  3 ugly things (D:15)
  5 cyclopes
  A moth of wrath (Spider:3)
  An oklob plant (Lair:6)
  A centaur zombie (D:13)
  Joseph (Lair:1)
  6 black mambas
  2 ice statues (IceCv)
  A torpor snail (Spider:2)
  4 gargoyles
  A naga mage (D:15)
  18 elephants
  13 spiny frogs
  6 centaur skeletons
  4 rime drakes
  5 kobold demonologists
  5 komodo dragons
  3 freezing wraiths
  8 demonic crawlers
  A tengu conjurer (D:12)
  27 jumping spiders
  3 trolls
  6 meliai
  A troll (shapeshifter) (D:14)
  2 ice devils (D:14)
  5 hornets
  13 polar bears
  20 slime creatures
  11 tyrant leeches
  5 blink frogs
  4 bog bodies
  10 hippogriffs
  A meliai zombie (D:13)
  Sigmund (D:4)
  60 yaks
  A vampire (D:14)
  61 redbacks
  7 spriggans
  3 shadows
  11 tarantellas
  5 wraiths
  3 basilisks
  17 humans
  4 hogs (D:8)
  31 vampire mosquitoes
  4 hungry ghosts
  12 swamp worms
  5 wargs
  2 soldier ants (D:13)
  18 water moccasins
  3 acid dragons
  A floating eye (Lair:3)
  31 orc warriors
  9 porcupines
  4 ice beasts
  9 black bears
  An eye of draining (D:14)
  2 phantoms
  2 necrophages
  3 sky beasts
  12 swamp drakes
  16 ogres
  21 wolves
  4 boggarts (D:15)
  12 centaurs
  12 crocodiles
  3 big kobolds (D:14)
  20 bullfrogs
  2 gnoll sergeants
  2 wyvern zombies
  A wyvern skeleton (D:6)
  A scorpion (D:11)
  14 wights
  5 killer bees (D:10)
  An electric eel (Lair:3)
  6 jellies
  5 howler monkeys
  11 crimson imps
  A quasit (D:11)
  A bullfrog zombie (D:10)
  15 orc priests
  8 hounds
  2 bullfrog skeletons
  7 iguanas
  Terence (D:2)
  40 orc wizards
  10 worker ants
  A killer bee zombie (D:7)
  A howler monkey zombie (D:9)
  4 gnolls
  14 adders
  2 shadow imps
  2 adder zombies
  3 dart slugs
  8 worms
  10 leopard geckos
  96 orcs
  2 ball pythons
  7 giant cockroaches
  11 goblins
  10 hobgoblins
  16 jackals
  17 kobolds
  6 quokkas
  5 bats
  3 frilled lizards
  A leopard gecko zombie (D:8)
  7 rats
  A briar patch (Swamp:1)
  5 plants (Lair:6)
1140 creatures vanquished.

Vanquished Creatures (collateral kills)
  An elephant (Lair:5)
  A spiny frog (Lair:1)
  A blink frog (Lair:2)
  A bullfrog (Lair:1)
  A fungus (Lair:1)
5 creatures vanquished.

Vanquished Creatures (others)
  A hydra (Swamp:1)
  A swamp worm (Swamp:1)
  A centaur (D:13)
  A gnoll (D:12)
  An orc (Orc:1)
  4 briar patches
  11 fungi
  12 plants
  14 withered plants (Gauntlet)
46 creatures vanquished.

Grand Total: 1191 creatures vanquished

Notes
Turn   | Place    | Note
-------+----------+-------------------------------------------
     0 | D:1      | Midas the Hill Orc Conjurer began the quest for the Orb.
     0 | D:1      | Reached XP level 1. HP: 14/14 MP: 3/3
   376 | D:1      | Reached XP level 2. HP: 22/22 MP: 0/4
   416 | D:1      | Learned a level 2 spell: Searing Ray
   666 | D:1      | Reached skill level 1 in Fighting
  1274 | D:1      | Reached XP level 3. HP: 22/29 MP: 1/6
  1474 | D:2      | Reached XP level 4. HP: 36/36 MP: 1/7
  1630 | D:2      | Found a sparkling altar of Nemelex Xobeh.
  1714 | D:2      | Noticed Terence
  1967 | D:2      | Reached skill level 5 in Conjurations
  2482 | D:2      | Killed Terence
  2482 | D:2      | Reached XP level 5. HP: 31/42 MP: 1/8
  2608 | D:2      | Found a faded altar of an unknown god.
  3755 | D:3      | Reached XP level 6. HP: 46/51 MP: 1/10
  3832 | D:3      | Noticed a black bear
  3840 | D:3      | Killed a black bear
  4705 | D:4      | Reached XP level 7. HP: 60/60 MP: 1/12
  4798 | D:4      | Found a stormy altar of Qazlal.
  4945 | D:4      | Found a staircase to the Ecumenical Temple.
  4949 | D:4      | Noticed Sigmund
  4978 | D:4      | Killed Sigmund
  4978 | D:4      | Reached skill level 5 in Fighting
  5209 | Temple   | Entered the Ecumenical Temple
  5417 | D:4      | Found a sparkling altar of Nemelex Xobeh.
  6392 | D:4      | Noticed ponobo's ghost (novice DrCj)
  6395 | D:4      | Found a transporter.
  6408 | D:4      | Found a transporter.
  6463 | D:5      | Entered Level 5 of the Dungeon
  6505 | D:5      | Found an ancient bone altar of Kikubaaqudgha.
  6510 | D:5      | Became a worshipper of Kikubaaqudgha
  6544 | D:5      | Reached skill level 1 in Shields
  6614 | D:5      | Reached XP level 8. HP: 68/68 MP: 14/14
  6914 | D:5      | Reached * piety under Kikubaaqudgha
  6914 | D:5      | Identified Kikubaaqudgha's Reference Book on Unholy Rites
                  | (Kikubaaqudgha gifted it to you on level 5 of the Dungeon)
  6914 | D:5      | Received a gift from Kikubaaqudgha
  6941 | D:5      | Found a sacrificial altar of Ru.
  8358 | D:6      | Reached skill level 5 in Spellcasting
  8528 | D:6      | Reached XP level 9. HP: 74/74 MP: 16/16
  8841 | D:7      | Found a transporter.
  8846 | D:7      | Noticed FishyPogo's ghost (novice GnSk)
  8864 | D:7      | Reached skill level 5 in Shields
  9263 | D:7      | Found a transporter.
  9263 | D:7      | Identified the +7 dire flail of Fate {crush, Dex+4}
  9263 | D:7      | Noticed a two-headed ogre
  9327 | D:7      | Found a hazy altar of Hepliaklqana.
  9593 | D:7      | Reached ** piety under Kikubaaqudgha
  9635 | D:6      | HP: 3/74 [orc warrior/+0 dire flail (5)]
 10043 | D:7      | Found a shimmering altar of Xom.
 10215 | D:7      | Found a bloodstained altar of Trog.
 10761 | D:8      | Found Zoniurep's Antique Weapon Shoppe.
 11303 | D:8      | Found a staircase to the Lair.
 11305 | D:8      | Got a crystal hunting sling
 11306 | D:8      | Identified the +6 hunting sling of Ysikh {velocity, rC++
                  | Str+5 Int-2} (You found it on level 8 of the Dungeon)
 11350 | D:8      | Reached XP level 10. HP: 69/81 MP: 17/17
 11428 | D:8      | Reached skill level 10 in Shields
 12584 | D:8      | Identified the cursed ring of the Sun {rF- Str+3 Int-2}
 12584 | D:8      | Noticed a centaur warrior
 12595 | D:8      | Noticed a red very ugly thing
 13073 | D:8      | Found a glowing golden altar of the Shining One.
 13074 | D:8      | Found a white marble altar of Elyvilon.
 13075 | D:8      | Found a glowing silver altar of Zin.
 13432 | D:8      | Found a runed translucent door.
 13437 | D:8      | Noticed Delamore's ghost (novice HOFi)
 13488 | D:9      | Reached *** piety under Kikubaaqudgha
 13488 | D:9      | Identified Kikubaaqudgha's Compendium of Evil Rituals
                  | (Kikubaaqudgha gifted it to you on level 9 of the Dungeon)
 13488 | D:9      | Received a gift from Kikubaaqudgha
 13498 | D:9      | Learned a level 5 spell: Borgnjor's Vile Clutch
 13504 | D:9      | Learned a level 5 spell: Bolt of Draining
 13848 | D:8      | Reached skill level 1 in Necromancy
 13912 | D:8      | Reached skill level 1 in Earth Magic
 14114 | D:9      | Noticed a manticore
 14124 | D:9      | Killed a manticore
 14248 | D:9      | Reached XP level 11. HP: 81/88 MP: 16/18
 15287 | D:9      | Found a staircase to the Orcish Mines.
 15373 | D:10     | Entered Level 10 of the Dungeon
 15697 | D:9      | Reached **** piety under Kikubaaqudgha
 17490 | D:11     | Noticed Urug
 17491 | D:11     | Noticed a cyclops
 17502 | D:11     | Killed a cyclops
 17632 | D:11     | Killed Urug
 18002 | D:11     | Noticed a two-headed ogre
 18023 | D:11     | Killed a two-headed ogre
 18023 | D:11     | Reached skill level 5 in Necromancy
 18023 | D:11     | Reached skill level 5 in Earth Magic
 18230 | D:11     | Noticed a two-headed ogre
 18244 | D:11     | Killed a two-headed ogre
 18374 | D:11     | Found a shimmering altar of Xom.
 18815 | D:11     | Found Kiv Obbo's Magic Scroll Emporium.
 19214 | D:11     | Found Ynoofa's Antique Armour Emporium.
 19482 | D:11     | Bought a scroll of fog for 24 gold pieces
 19575 | D:11     | Noticed a manticore
 19596 | D:11     | Killed a manticore
 19596 | D:11     | Reached XP level 12. HP: 17/94 MP: 1/19
 20258 | D:12     | Noticed Sonja
 21484 | Lair:1   | Entered Level 1 of the Lair of Beasts
 22037 | Lair:1   | Learned a level 1 spell: Animate Skeleton
 22059 | Lair:1   | You fall into a shaft and drop 1 floor!
 22715 | Lair:1   | Noticed Joseph
 22738 | Lair:1   | Killed Joseph
 24942 | Lair:2   | Got a bound ivory amulet
 24996 | Lair:2   | Found an ancient bone altar of Kikubaaqudgha.
 25793 | Lair:3   | Noticed Snorg
 25938 | Lair:3   | Noticed Snorg
 25938 | Lair:3   | Snorg changed into Snorg the floating eye
 25941 | Lair:3   | Killed Snorg the floating eye
 26166 | Lair:3   | HP: 4/94 [polar bear (17)]
 26472 | D:11     | Bought a scroll of identify for 24 gold pieces
 26472 | D:11     | Bought a scroll of identify for 24 gold pieces
 26472 | D:11     | Identified the amulet "Pinain" {Spirit rF+} (You found it
                  | on level 2 of the Lair of Beasts)
 26866 | Lair:3   | Found a hole to the Spider Nest.
 27275 | Lair:2   | Learned a level 3 spell: Regeneration
 27406 | Lair:3   | Reached XP level 13. HP: 26/100 MP: 1/20
 27774 | Lair:3   | Found a staircase to the Swamp.
 28409 | Lair:3   | Reached skill level 15 in Shields
 29549 | Lair:4   | Noticed Josephine
 30396 | Lair:4   | Reached ***** piety under Kikubaaqudgha
 30396 | Lair:4   | Reached skill level 10 in Necromancy
 30396 | Lair:4   | Reached skill level 10 in Earth Magic
 30757 | Lair:4   | Reached skill level 1 in Polearms
 30757 | Lair:4   | Reached skill level 1 in Unarmed Combat
 35147 | Lair:6   | Entered Level 6 of the Lair of Beasts
 35233 | Lair:6   | Reached XP level 14. HP: 99/113 MP: 23/23
 35857 | Lair:6   | Reached skill level 5 in Polearms
 36904 | Lair:6   | Found a staircase to the Slime Pits.
 37766 | Lair:6   | Noticed a dire elephant
 37766 | Lair:6   | Noticed a dire elephant
 37785 | Lair:6   | Noticed a dire elephant
 37863 | Lair:6   | Killed a dire elephant
 37903 | Lair:6   | Noticed a dire elephant
 38463 | Lair:4   | Killed Josephine
 38763 | Lair:5   | Killed a dire elephant
 38943 | Lair:6   | Killed a dire elephant
 38953 | Lair:6   | Noticed a dire elephant
 39179 | Lair:6   | Killed a dire elephant
 39397 | Lair:6   | Killed a dire elephant
 40570 | D:12     | Killed Sonja
 40777 | D:12     | Identified a scroll of acquirement
 41145 | D:12     | Found a sparkling altar of Nemelex Xobeh.
 41219 | D:12     | Noticed a frost giant
 41516 | D:11     | Learned a level 5 spell: Dispel Undead
 42258 | D:12     | Killed a frost giant
 42542 | D:12     | Got a jewelled leather armour
 42576 | D:12     | Found a runed translucent door.
 42577 | D:12     | Noticed RandomHacker's ghost (journeyman GnSk)
 42579 | D:12     | Identified the +9 spear of Eternal War {drain, MR++}
 42630 | D:12     | Reached XP level 15. HP: 125/125 MP: 25/25
 42959 | D:12     | HP: 3/125 [RandomHacker's ghost/bolt of magma (27)]
 43588 | D:12     | Killed RandomHacker's ghost
 43797 | D:13     | Found a gate to the Vaults.
 43797 | D:13     | Noticed Rupert
 43797 | D:13     | Noticed Nessos
 43947 | D:13     | Found a gate leading to a gauntlet.
 43953 | D:13     | Found Coxishri's Magic Scroll Shop.
 43962 | Gauntlet | Entered a Gauntlet
 43962 | Gauntlet | Found a transporter.
 44215 | Gauntlet | Found a transporter.
 44235 | Gauntlet | Found a transporter.
 44235 | Gauntlet | Found a transporter.
 44256 | Gauntlet | Found a transporter.
 44269 | Gauntlet | Found a transporter.
 44282 | Gauntlet | Found a transporter.
 44311 | Gauntlet | Found a transporter.
 44311 | Gauntlet | Found a transporter.
 44315 | Gauntlet | Found a transporter.
 44340 | Gauntlet | Found a transporter.
 44342 | Gauntlet | Found a transporter.
 44376 | Gauntlet | Found the +2 pair of boots of the Assassin {Detection Stab+
                  | Stlth++}
 44589 | Gauntlet | Got a transparent silver ring
 44710 | Gauntlet | Got a clouded steel ring
 44941 | Gauntlet | Identified the +3 rapier of Eternal War {pierce, Fragile
                  | +Rage MR+ Stlth+}
 45024 | D:12     | Reached skill level 10 in Fighting
 46033 | D:12     | Killed Nessos
 46492 | D:12     | Reached ****** piety under Kikubaaqudgha
 46925 | D:13     | Paralysed by Rupert for 4 turns
 46930 | D:13     | Killed Rupert
 47054 | D:12     | Identified a +8 demon trident of pain (a +6 demon trident
                  | bloodied by Kikubaaqudgha)
 47054 | D:12     | Received a gift from Kikubaaqudgha
 47322 | D:13     | Bought a scroll of identify for 34 gold pieces
 47322 | D:13     | Bought a scroll of identify for 34 gold pieces
 47322 | D:13     | Identified the +2 leather armour "Empodeuq" {rElec rF+
                  | Int+4 Dex-2 SInv} (You found it on level 12 of the Dungeon)
 47323 | D:13     | Identified the ring "Menefyr" {rN+ Str+2} (You found it in
                  | a Gauntlet)
 47324 | D:13     | Identified the ring of Talafuh {rF- rC++ MR++ Dex+3} (You
                  | found it in a Gauntlet)
 47329 | D:13     | Bought a scroll of teleportation for 51 gold pieces
 47329 | D:13     | Bought a scroll of fog for 34 gold pieces
 47748 | D:14     | Found a frozen archway.
 47779 | IceCv    | Entered an ice cave
 48188 | IceCv    | Got a polished hat
 48197 | IceCv    | Got an iridescent halberd
 48207 | IceCv    | Noticed a frost giant
 48228 | IceCv    | Killed a frost giant
 50068 | D:15     | Entered Level 15 of the Dungeon
 50217 | D:15     | Reached XP level 16. HP: 81/137 MP: 17/28
 51385 | D:15     | Found a staircase to the Depths.
 51738 | D:11     | Bought a scroll of identify for 24 gold pieces
 51738 | D:11     | Bought a scroll of identify for 24 gold pieces
 51742 | D:11     | Identified the +0 hat "Epuemopn" {rF+ Int+5 Stlth+} (You
                  | found it in an ice cave)
 52835 | Orc:1    | Entered Level 1 of the Orcish Mines
 53311 | Orc:1    | Found Dyecrucha's Food Shoppe.
 53363 | Orc:1    | Found Tachiut's Weapon Shoppe.
 53532 | Orc:1    | Found Rioptarph's Armour Emporium.
 53687 | Orc:2    | Entered Level 2 of the Orcish Mines
 53688 | Orc:2    | Found a roughly hewn altar of Beogh.
 53801 | Orc:2    | Found a staircase to the Elven Halls.
 53938 | Orc:2    | Found Buq Roo's Magic Scroll Boutique.
 54042 | Orc:2    | Found Untumorch's Antique Armour Boutique.
 54074 | Orc:2    | Found a radiant altar of Vehumet.
 54074 | Orc:2    | Noticed Erolcha
 54093 | Orc:2    | Killed Erolcha
 54121 | Orc:2    | Found Goprom's Distillery.
 54152 | Orc:2    | Found an ancient bone altar of Kikubaaqudgha.
 54207 | Orc:2    | Reached skill level 10 in Polearms
 54509 | Orc:2    | Found a roughly hewn altar of Beogh.
 54512 | Orc:2    | Found Hiyrus's Gadget Boutique.
 54765 | Orc:2    | Found Volih's Magic Scroll Boutique.
 54773 | Orc:2    | Bought a scroll of identify for 36 gold pieces
 54773 | Orc:2    | Bought a scroll of identify for 36 gold pieces
 54916 | Orc:2    | Identified the +5 halberd "Testudine's Demise" {drain,
                  | Str+8} (You found it in an ice cave)
 55298 | Swamp:1  | Entered Level 1 of the Swamp
 55303 | Swamp:1  | Paralysed by fainting for 8 turns
 55329 | Swamp:1  | Noticed a thorn hunter
 55346 | Swamp:1  | Killed a thorn hunter
 56227 | Swamp:1  | Noticed Aizul
 56249 | Swamp:1  | Killed Aizul
 56491 | Swamp:1  | Noticed a thorn hunter
 56523 | Swamp:1  | Killed a thorn hunter
 56915 | Swamp:1  | Noticed a thorn hunter
 56951 | Swamp:1  | Reached skill level 15 in Necromancy
 56953 | Swamp:1  | Killed a thorn hunter
 57878 | Swamp:2  | Reached XP level 17. HP: 133/148 MP: 30/30
 58290 | Swamp:2  | Noticed Frances
 58316 | Swamp:2  | Killed Frances
 58664 | Swamp:2  | You are sucked into a shaft and drop 1 floor!
 60582 | Swamp:4  | Entered Level 4 of the Swamp
 60957 | Swamp:4  | Reached skill level 10 in Spellcasting
 61219 | Swamp:4  | Reached skill level 1 in Armour
 62788 | Swamp:4  | Got a decaying rune of Zot
 63080 | Spider:1 | Entered Level 1 of the Spider Nest
 63259 | Spider:1 | Reached XP level 18. HP: 153/161 MP: 24/32
 63289 | Spider:1 | Reached skill level 5 in Armour
 63524 | Spider:1 | You are sucked into a shaft and drop 1 floor!
 63824 | Spider:1 | Learned a level 6 spell: Simulacrum
 63831 | Spider:1 | Learned a level 6 spell: Freezing Cloud
 64120 | Spider:1 | Reached skill level 1 in Ice Magic
 64457 | Spider:1 | Reached skill level 15 in Fighting
 65971 | Spider:2 | Found a runed translucent door.
 65971 | Spider:2 | Noticed Duoroon's ghost (adept OgEE)
 65994 | Spider:2 | HP: 1/163 [Duoroon's ghost/iron shot (35)]
 66436 | Spider:2 | Killed Duoroon's ghost
 67179 | Spider:3 | Found a runed translucent gate.
 67180 | Spider:3 | Found a runed translucent gate.
 67181 | Spider:3 | Found a runed translucent gate.
 67183 | Spider:3 | Noticed Kiesuar's ghost (adept MiBe)
 67667 | Spider:3 | Identified the +2 cloak "Nippoame" {+Blink MR+} (You
                  | acquired it on level 3 of the Spider Nest)
 68031 | Spider:4 | Entered Level 4 of the Spider Nest
 68279 | Spider:3 | HP: 3/163 [wolf spider (9)]
 68280 | Spider:3 | Slain by a wolf spider

Levels and vault maps discovered:
D:1:      lightli_arrival_chessboard, layout_basic
D:2:      layout_rooms, chequers_ecumenical_altar_simple_redux,
          minmay_parallelograms, nemelex_altar_shiori, uniq_terence
D:3:      layout_basic, palyth_stone_intersect
D:4:      layout_basic, overflow_temple_1_default,
          minmay_temple_entry_butterflies, gammafunk_ghost_smash, first_ration,
          nicolae_qazlal_general_emergency, uniq_sigmund
D:5:      layout_rooms, lemuel_doored_altar, nicolae_overflow_hidden_temple
D:6:      layout_gridville
D:7:      layout_basic, trog_ov_bears_minmay, lemuel_round_altar,
          kennysheep_mini, gammafunk_ghost_smash
D:8:      minmay_the_grid_octo_tiled_squarecenter [minmay_the_grid_octo_empty,
          minmay_the_grid_octo_checkerflower, minmay_the_grid_octo_teeth,
          minmay_the_grid_octo_focus, minmay_the_grid_square_5x5_megaprize_open,
          minmay_the_grid_square_5x5_z, minmay_the_grid_square_5x5_broken_cross,
          minmay_the_grid_square_5x5_forky, minmay_the_grid_square_5x5_n],
          layout_basic, good_gods_temple_1, lair_entry_dummy,
          ebering_ghost_reflecting_pool, serial_shops, shop, grunt_livestock
D:9:      layout_stronghold, david_orc_4
D:10:     layout_loops_ring
D:11:     layout_loops_cross, serial_shops, nicolae_shop_overgrown_old_shop,
          nicolae_shop_waterfront, basic_altar, uniq_urug
D:12:     minmay_bad_star, layout_long_grid, ebering_ghost_funeral_grove,
          nemelex_diamond_rough_becter, uniq_sonja
D:13:     layout_cave_pools, david_vaults_3, serial_shops, shop_fountains,
          enter_bailey_2, gauntlet_entry_generic
D:14:     layout_basic, minmay_crystal_water, portal_ice_cave_demonic_guard,
          nicolae_straight_to_the_point
D:15:     grunt_enter_depths_magical_seal, layout_basic, serial_bayou_pond_a
Temple:   nicolae_temple_figure_zero
Lair:1:   layout_long_grid, serial_bayou_pond_d, infiniplex_staircase_pool_2,
          uniq_joseph
Lair:2:   layout_regular_city, basic_altar, beast_lair_carwin_6
Lair:3:   layout_hall_layers, nicolae_swamp_entry_splash_gauntlet,
          dummy_spider_entry, small_statue_intersection, grunt_megastairs_4,
          uniq_snorg
Lair:4:   layout_gridlike, grunt_megastairs_2, uniq_josephine
Lair:5:   layout_layer_cave, minmay_lair_oklob_chamber
Lair:6:   due_jungle_book, layout_big_grid, minmay_slime_entry_oklob_enclosed
Swamp:1:  layout_basic_swamp, serial_swamp_ruin, evilmike_swamp_ruin_house_6,
          evilmike_swamp_ruin_house_3, uniq_aizul
Swamp:2:  layout_basic_swamp, hangedman_swamp_cone, uniq_frances
Swamp:3:  layout_basic_swamp, nicolae_swamp_triple_paths
Swamp:4:  swamp, layout_basic_swamp
Spider:1: layout_chambers
Spider:2: layout_spider_delve, ebering_ghost_inner_flame
Spider:3: layout_spider_delve, gammafunk_ghost_necromancy
Spider:4: grunt_spider_rune_circles, guppyfry_hornet_nest
Orc:1:    layout_diamond_mine, serial_shops, shop_fountains,
          nicolae_shop_behind_doors, nicolae_shop_stone
Orc:2:    kennysheep_orc_mage_school, layout_diamond_mine, serial_shops,
          shop_fountains, mines2_david

Skill      XL: |  1  2  3  4  5  6  7  8  9 10 11 12 13 14 15 16 17 18 |
---------------+-------------------------------------------------------+-----
Fighting       | 1 2 3 4 5 7 9 11 12 14 15 | 15.0
Spellcasting   | 2 3 4 5 6 7 8 9 10 | 10.0
Conjurations   | 5 6 7 8 |  8.0
Shields        | 1 4 9 12 13 14 15 | 15.0
Necromancy     | 2 6 8 10 12 13 15 | 15.6
Earth Magic    | 2 6 8 10 | 10.0
Polearms       | 4 7 9 10 12 14 | 14.0
Unarmed Combat | 1 |  1.0
Armour         | 4 5 |  5.0
Ice Magic      | 4 |  4.6
Dodging        | |  1.5
Stealth        | |  1.5

Action                   |  1- 3 |  4- 6 |  7- 9 | 10-12 | 13-15 | 16-18 || total
-------------------------+-------+-------+-------+-------+-------+-------++-------
Melee: Unarmed           |    14 |     7 |       |       |       |    19 ||    40
       Mace              |       |     8 |    37 |       |       |       ||    45
       Morningstar       |       |       |    32 |   123 |       |       ||   155
       Demon trident     |       |       |       |   293 |  1488 |  1239 ||  3020
       Whip              |       |       |       |    18 |       |       ||    18
       Spear             |       |       |       |       |     6 |       ||     6
 Cast: Magic Dart        |    63 |   111 |   290 |   476 |    26 |     1 ||   967
       Searing Ray       |       |    13 |    40 |   121 |     8 |       ||   182
       Animate Skeleton  |       |       |       |    10 |     1 |       ||    11
       Borgnjor's Vile C |       |       |       |       |   163 |   164 ||   327
       Bolt of Draining  |       |       |       |       |     6 |     1 ||     7
       Dispel Undead     |       |       |       |       |    11 |    13 ||    24
Invok: Brand Weapon With |       |       |       |       |     1 |       ||     1
Evoke: Wand              |       |       |     1 |    16 |    14 |       ||    31
  Use: Potion            |     2 |       |     2 |     4 |     5 |     6 ||    19
       Scroll            |       |       |    13 |    17 |    23 |    10 ||    63
 Stab: Sleeping          |       |       |       |     1 |     1 |       ||     2
       Distracted        |       |       |       |     1 |       |     1 ||     2
       Invisible         |       |       |       |       |     2 |       ||     2
       Confused          |       |       |       |       |       |     1 ||     1
  Eat: Chunk             |     3 |    10 |    20 |    29 |    68 |    46 ||   176
       Ration            |       |       |     3 |     7 |    18 |    14 ||    42
Armor: Robe              |     2 |     3 |       |       |    51 |       ||    56
       Ring mail         |       |    14 |   126 |   313 |   409 |    33 ||   895
       Acid dragon scale |       |       |       |       |    27 |       ||    27
       Scale mail        |       |       |       |       |       |   386 ||   386
Dodge: Dodged            |    30 |    40 |   126 |   414 |   728 |   276 ||  1614
Block: Shield            |       |       |    12 |   707 |  1133 |   739 ||  2591
